 Dungeon Crawl Stone Soup version 0.22-a0-38-gc6ec8ce517 (webtiles) character file.

450 Manul the Covert (level 7, 0/35 HPs)
             Began as a Vine Stalker Assassin on Jan 4, 2018.
             Succumbed to a scorpion's poison
             ... on level 3 of the Dungeon.
             The game lasted 00:05:49 (3668 turns).

Manul the Covert (Vine Stalker Assassin)            Turns: 3668, Time: 00:05:50

Health: 0/35       AC:  7    Str: 14    XL:     7   Next: 4%
Magic:  5/8        EV: 16    Int: 11    God:
Gold:   123        SH:  0    Dex: 22    Spells: 6/6 levels left

rFire    . . .     SeeInvis .   a - +2 dagger
rCold    . . .     Gourm    .   (no shield)
rNeg     . . .     Faith    .   n - +0 ring mail
rPois    .         Spirit   +   (no helmet)
rElec    .         Reflect  .   d - +0 cloak
rCorr    .         Harm     .   k - +0 pair of gloves
MR       .....                  (no boots)
Stlth    +++++.....             (no amulet)
HPRegen  0.51/turn              (no ring)
MPRegen  0.11/turn              (no ring)

@: agile, lethally poisoned (0 -> -20), hasted, very quick
A: fangs 2, regeneration 1, magic shield, antimagic bite, no potion heal 3, rot
immunity
a: no special abilities


You were on level 3 of the Dungeon.
You were not hungry.

You visited 1 branch of the dungeon, and saw 4 of its levels.

You collected 123 gold pieces.

Inventory:

Hand Weapons
 a - a +2 dagger (weapon)
 b - a +0 blowgun
 m - a +0 rapier
Missiles
 e - 20 poisoned needles
 f - 2 curare-tipped needles
Armour
 d - a +0 cloak (worn)
 k - a +0 pair of gloves (worn)
 n - a +0 ring mail (worn)
Jewellery
 l - an uncursed ring of wizardry {unknown}
Wands
 t - a wand of digging (13)
Scrolls
 h - 3 scrolls of identify {unknown}
 i - a scroll of enchant armour {unknown}
 j - a scroll of fog
Comestibles
 g - 2 rations
 u - 12 chunks of flesh


   Skills:
 + Level 2.5 Fighting
 + Level 3.4 Short Blades
 - Level 1.7 Throwing
 + Level 1.4 Armour
 + Level 2.0 Dodging
 * Level 8.0 Stealth


You had 6 spell levels left.
You didn't know any spells.

Dungeon Overview and Level Annotations

Branches:
Dungeon (4/15)
 Temple: D:4-7

Altars:
Zin


Innate Abilities, Weirdness & Mutations

You have extremely sharp teeth.
Your natural rate of healing is unusually fast.
When hurt, damage is shared between your health and your magic reserves.
Your bite disrupts and absorbs the magic of your enemies.
Potions cannot restore your health.
You are immune to rotting.


Message History

You are too injured to fight recklessly!
You are too injured to fight recklessly!
* * * LOW HITPOINT WARNING * * *
You feel very sick. The orc hits you but does no damage.
The scorpion stings you but does no damage.
You climb upwards.
* * * LOW HITPOINT WARNING * * *
You feel very sick.
There is a stone staircase leading down here.
Things that are here:
a scarf of spirit shield; a +0 robe x2
It was a potion of agility.
You feel agile all of a sudden.
* * * LOW HITPOINT WARNING * * *
You feel very sick. The orc hits you but does no damage.
The scorpion stings you but does no damage.
It was a potion of haste.
You feel yourself speed up.
You die...

....###..#######.###.# #.#
.........#.........#.# #.#
#..##.#.##.#####.#.#.# #.#
#..##.#.##.#.....#.#.# #.#
#..#....##O#.#####.#.#####.#
#.(...#.##.#.#.#...#.#..##.#
##.#.#####.#.#.#.###.#..##.#
...#.......#...#o# #.#..##.#
##############.#@###.#..##.#
......<.....##..s..........#
##############.#.#####.#####
# #......<..##.#.....#.# #
#.........##.#.###[#.#
##########..##.#####.#.#
##≈≈≈≈≈≈≈#..'..)...#.#.#
.#≈≈...≈≈#..##.###.#.#.#
##≈..#..≈#..##.# #.#.#.#


You could see a scorpion and an orc.

Vanquished Creatures
  2 ogres (D:3)
  A howler monkey (D:3)
  An orc wizard (D:3)
  Ijyb (D:3)
  A worker ant (D:3)
  8 adders
  4 oozes
  2 worms
  2 leopard geckos (D:1)
  5 orcs
  3 bats
  2 giant cockroaches
  7 goblins
  7 hobgoblins
  11 jackals
  A ball python (D:1)
  2 frilled lizards
  4 kobolds
  9 rats
73 creatures vanquished.

Notes
Turn   | Place    | Note
-------+----------+-------------------------------------------
     0 | D:1      | Manul the Vine Stalker Assassin began the quest for the Orb.
     0 | D:1      | Reached XP level 1. HP: 11/11 MP: 2/2
   255 | D:1      | Reached skill level 5 in Stealth
   301 | D:1      | Reached XP level 2. HP: 9/15 MP: 3/3
   925 | D:1      | Reached XP level 3. HP: 18/18 MP: 4/4
  1067 | D:2      | Reached skill level 6 in Stealth
  1361 | D:2      | Found a glowing silver altar of Zin.
  1383 | D:2      | Reached skill level 1 in Dodging
  1400 | D:2      | Gained mutation: Your natural rate of healing is unusually fast. [Vine Stalker growth]
  1400 | D:2      | Reached XP level 4. HP: 21/23 MP: 5/5
  2150 | D:3      | Reached skill level 7 in Stealth
  2315 | D:3      | Reached XP level 5. HP: 14/26 MP: 3/6
  2808 | D:3      | Reached skill level 1 in Armour
  2986 | D:3      | Noticed Ijyb
  3008 | D:3      | Killed Ijyb
  3250 | D:4      | Noticed an ogre
  3270 | D:3      | Reached XP level 6. HP: 11/30 MP: 4/7
  3598 | D:3      | Reached skill level 8 in Stealth
  3598 | D:3      | Reached XP level 7. HP: 9/35 MP: 2/8
  3668 | D:3      | Succumbed to a scorpion's poison

Vault maps used:
D:1:      noname_arrival_rooms_in_the_neighbourhood
D:2:      cheibrodos_helix_gallery, zin_scriptorium, serial_glass,
          glass_columns_a, glass_columns_a, st_stairs_1
D:3:      kennysheep_generic_room_8, uniq_ijyb
D:4:      nicolae_overflow_crystal_walls, nemelex_xobeh_ov_fountains_minmay

Skill      XL: |  1  2  3  4  5  6 |
---------------+-------------------+-----
Stealth        | 5 6 7 8 |  8.0
Short Blades   | 2 3 |  3.4
Dodging        | 1 2 |  2.0
Fighting       | 2 |  2.5
Armour         | 1 |  1.4
Throwing       | |  1.7

Action                   |  1- 3 |  4- 6 |  7- 9 || total
-------------------------+-------+-------+-------++-------
Melee: Dagger            |    78 |   200 |    15 ||   293
       Bite              |    21 |    61 |     3 ||    85
 Fire: Blowgun           |       |    10 |       ||    10
  Use: Potion            |     1 |     1 |     2 ||     4
       Scroll            |       |     3 |     1 ||     4
 Stab: Sleeping          |     8 |     7 |       ||    15
  Eat: Chunk             |     1 |     8 |       ||     9
Armor: Robe              |     6 |    20 |     2 ||    28
       Ring mail         |     7 |    64 |     7 ||    78
Dodge: Dodged            |    44 |   150 |    11 ||   205

Table legend:
 A = Spawn XP
 B = Non-spawn XP
 C = Spawn XP percentage of total XP
 D = Spawn monster count
 E = Non-spawn monster count
 F = Spawn count percentage of total count
 G = Total turns spent on level
                    A         B        C        D         E        F      G
               +---------+---------+-------+---------+---------+-------+---------
         Total |       0 |     643 |   0.0 |       0 |      73 |   0.0 |  3668
               +---------+---------+-------+---------+---------+-------+---------
           D:1 |       0 |      37 |   0.0 |       0 |      18 |   0.0 |  1129
           D:2 |       0 |     104 |   0.0 |       0 |      27 |   0.0 |   954
           D:3 |       0 |     499 |   0.0 |       0 |      27 |   0.0 |  1553
           D:4 |       0 |       3 |   0.0 |       0 |       1 |   0.0 |    32
               +---------+---------+-------+---------+---------+-------+---------
